 Dungeon Crawl Stone Soup version 0.31-a0-1309-gbf3fed316f (webtiles) character file.

Game seed: 12224036129945905587

93 Ge0ff the Ruffian (level 4, -1/45 HPs)
             Began as a Troll Monk on Dec 20, 2023.
             Slain by Crazy Yiuf
             ... wielding a +4 quarterstaff of chaos
              (2 damage)
             ... on level 3 of the Dungeon.
             The game lasted 00:03:15 (1968 turns).

Ge0ff the Ruffian (Troll Monk)                      Turns: 1968, Time: 00:03:15

Health: -1/45      AC:  4    Str: 19    XL:     4   Next: 37%
Magic:  1/3        EV: 10    Int:  6    God:
Gold:   131        SH:  0    Dex: 14    Spells: 3/3 levels left

rFire   + .          .
                       - Unarmed
rCold   + . .        c - orb {light}
rNeg    . . .        a - +0 robe
rPois   +            (helmet restricted)
rElec   +            (no cloak)
rCorr   +            (gloves unavailable)
SInv    .            (boots unavailable)
Will    .....        (no amulet)
Stlth   +            (no ring)
HPRegen 1.07/turn    (no ring)
MPRegen 0.08/turn

%: no passive effects
@: resistant, glowing
A: large, unfitting armour, claws 3, regeneration 1, shaggy fur 1, tough skin 1
a: no special abilities


You were on level 3 of the Dungeon.
You visited 1 branch of the dungeon, and saw 3 of its levels.

You collected 131 gold pieces.

Inventory:

Hand Weapons
 s - a +0 spear
Missiles
 p - 34 stones (quivered)
Armour
 a - a +0 robe (worn)
 c - an orb of light (worn)
Scrolls
 t - 2 scrolls of teleportation {unknown}
 u - a scroll of enchant weapon {unknown}
 w - a scroll of immolation {unknown}
 x - 2 scrolls of identify {unknown}
Potions
 n - a potion of might {unknown}
 o - a potion of ambrosia
 q - 2 potions of haste {unknown}
 r - a potion of heal wounds {unknown}
 v - a potion of brilliance {unknown}


   Skills:
 + Level 3.1 Fighting
 - Level 2.4 Dodging
 * Level 4.6 Unarmed Combat


You had 3 spell levels left.
You didn't know any spells.
Your spell library contained the following spells:

 Spells                   Type           Power      Damage    Failure   Level
 Sting                    Tmut/Pois      0%         1d3       45%         1
 Ensorcelled Hibernation  Hex/Ice        0%         N/A       58%         2
 Passwall                 Tmut/Erth      0%         N/A       58%         2
 Poisonous Vapours        Pois/Air       0%         N/A       58%         2
 Swiftness                Air            0%         N/A       83%         3
 Olgreb's Toxic Radiance  Pois           0%         N/A       99%         4
 Haunt                    Necr/Summ      0%         N/A       100%        7
 Borgnjor's Revivificati  Necr           0%         N/A       100%        8
 Death's Door             Necr           0%         N/A       100%        9


Dungeon Overview and Level Annotations

Branches:
Dungeon (3/15) Zot: 16041

Altars:
Xom

Annotations:
D:3 Crazy Yiuf


Innate Abilities, Weirdness & Mutations

You are too large for most types of armour.
You have claws for hands.
Your natural rate of healing is unusually fast.
You are covered in fur. (AC +1)
You have tough skin. (AC +1)


Message History

The fungus is lightly damaged.
You scratch the fungus.
The fungus is lightly damaged.
You claw the fungus!
The fungus is lightly damaged.
You claw the fungus!
The fungus is moderately damaged.
You claw the fungus!
The fungus is moderately damaged.
You mangle the fungus!!
The fungus is heavily damaged.
A nearby fungus withers and dies.
Found a hammer.
Found a runed translucent door.
Crazy Yiuf shouts!
You see here a bat corpse.
You pick up a book of Burglary and begin reading...
You add the spells Passwall, Ensorcelled Hibernation and Swiftness to your library.
Crazy Yiuf laughs, "Flower arga shrimp!"
You open the door. You scratch Crazy Yiuf.
Crazy Yiuf is lightly wounded.
Crazy Yiuf hits you with a +4 quarterstaff of chaos!
You feel protected.
You scratch Crazy Yiuf but do no damage.
Crazy Yiuf is lightly wounded.
Crazy Yiuf says, "Two poople sing-song!"
Crazy Yiuf closely misses you.
You scratch Crazy Yiuf.
Crazy Yiuf is lightly wounded.
Crazy Yiuf says, "Key sing-song infinity!"
Crazy Yiuf hits you with a +4 quarterstaff of chaos.
You feel your power leaking away.
You scratch Crazy Yiuf but do no damage.
Crazy Yiuf is lightly wounded.
Crazy Yiuf yells, "Sif Muna!
Defame childish arm."
Crazy Yiuf barely misses you.
You scratch Crazy Yiuf.
Crazy Yiuf is moderately wounded.
Crazy Yiuf hits you with a +4 quarterstaff of chaos!
You barely miss Crazy Yiuf.
Crazy Yiuf is moderately wounded.
Crazy Yiuf whimpers, "Gum snockshim bag!"
Crazy Yiuf hits you with a +4 quarterstaff of chaos!
* * * LOW HITPOINT WARNING * * *
You scratch Crazy Yiuf.
Crazy Yiuf is moderately wounded.
Crazy Yiuf hits you with a +4 quarterstaff of chaos!
* * * LOW HITPOINT WARNING * * *
Crazy Yiuf freezes you.
You die...

##### #)..# #...#
... #g# ♣@♣♣ ♣♣.♣
♣.♣♣ ♣♣.♣ ♣♣.♣♣
♣♣.P.♣ # ♣P.PP♣
.# . #....# ..#
..####....###...#


You could see Crazy Yiuf.

Vanquished Creatures
  3 adders
  2 worms (D:2)
  A dart slug (D:1)
  7 endoplasms
  2 goblins
  4 hobgoblins
  11 jackals (D:1)
  2 kobolds
  2 quokkas (D:1)
  5 ball pythons (D:1)
  4 bats
  2 frilled lizards (D:1)
  7 rats
52 creatures vanquished.

Notes
Turn   | Place    | Note
-------+----------+-------------------------------------------
     0 | D:1      | Ge0ff the Troll Monk began the quest for the Orb.
     0 | D:1      | Reached XP level 1. HP: 22/22 MP: 0/0
    55 | D:1      | Reached XP level 2. HP: 29/29 MP: 1/1
   424 | D:1      | Reached XP level 3. HP: 36/36 MP: 2/2
   525 | D:1      | Reached skill level 4 in Unarmed Combat
  1142 | D:2      | Reached XP level 4. HP: 45/45 MP: 3/3
  1337 | D:2      | Found a shimmering altar of Xom.
  1922 | D:3      | Found a runed translucent door.
  1923 | D:3      | Noticed Crazy Yiuf
  1968 | D:3      | HP: 1/45 [Crazy Yiuf/+4 quarterstaff of chaos (10)]
  1968 | D:3      | Slain by Crazy Yiuf

Illustrated notes

Levels and vault maps discovered:
D:1:      lightli_arrival_statue_moat, layout_basic
D:2:      layout_basic, basic_altar, nicolae_eternal_life, kennysheep_doodads
D:3:      layout_rooms, nicolae_overflow_ecumenical_swirl,
          uniq_crazy_yiuf_cottage, uniq_sigmund, uniq_ijyb, uniq_terence

Skill      XL: |  1  2  3 |
---------------+----------+-----
Unarmed Combat | 4 |  4.6
Fighting       | 3 |  3.1
Dodging        | |  2.4

Action                     |  1- 3 |  4- 6 || total
---------------------------+-------+-------++-------
  Melee: Unarmed           |    83 |    41 ||   124
 Armour: Robe              |    33 |    21 ||    54
  Dodge: Dodged            |    31 |    16 ||    47

Table legend: (Time is in decaauts)
 A = Elapsed time spent in this place.
 B = Non-inter-level travel time spent in this place.
 C = Inter-level travel time spent in this place.
 D = Time resting spent in this place.
 E = Time spent auto-exploring this place.
 F = Levels seen in this place.
 G = Mean time per level.
                   A        B        C        D        E       F      G
               +--------+--------+--------+--------+--------+-----+--------+
         Total |   1958 |   1803 |    155 |      0 |   1420 |   3 |  652.7 |
       Dungeon |   1958 |   1803 |    155 |      0 |   1420 |   3 |  652.7 |
               +--------+--------+--------+--------+--------+-----+--------+

Top non-repeatable levels by time:
     D:1: 1088 daAuts
     D:2: 783 daAuts
     D:3: 85 daAuts
